Unix NetHack Version 5.0.0-0 post-release - last build Jun 10 2026 00:39:30 (3ee93aec679c4c4259841fe613dc97188e26a321,branch:main).

Game began 2026-06-11 22:32:12, ended 2026-06-12 15:27:02.

CyberFan, chaotic male orcish Rogue

                          --------------------------
                          |................^......>|
                          |)----------------)......|
                          |T|         ------.-------
                          |@|         |...........|
                          |.|         |0.........0|
                          |l|         |----.--------
                          |:|         |............|
                          |.|         |............|
                          |.|------   --------.-----
                          |.|$$$YS|--  |....%.....|
                          |(|a$ux$-o|  |..........|
                          |Y|.:i.$|-|  --.........|
                          |Q-.sa$.-.|   ----.-------
                          --|.u$$o|-|     |........|
                            |$.ohl+.|     |.....%..|
                            |$$..l|--     ------.%p|
                            -------            -----
CyberFan the Rogue      St:17 Dx:17 Co:17 In:9 Wi:12 Ch:8  Chaotic
Dlvl:2  $:0  HP:0(55) Pw:28(28) AC:-3 Xp:9/3499 T:13182  Blind Fly

Latest messages:
 The 3rd elven dagger named ammo hits the troll.
 You kill the troll!
 You try to feel what is lying here on the floor.
 You feel here a knife.
 You hit the owlbear.
 The owlbear misses!
 The owlbear hits!
 You kill the owlbear!
 You hit the leprechaun.
 The leprechaun hits!
 Your purse feels lighter.
 What do you want to ready? [- $owHZ or ?*]
 o - 8 uncursed daggers named ammo (at the ready).
 w - 3 uncursed elven daggers named ammo (5 in total).
 Your knapsack cannot accommodate any more items.
 You try to feel what is lying here on the floor.
 There are several more objects here.
 You hit the leprechaun.
 The leprechaun hits!
 Your purse feels lighter.
 You hit the troll.
 The troll hits!
 The troll hits!
 The troll misses!
 The leprechaun hits!
 Your purse feels lighter.
 You hit the troll.
 The troll hits!
 The troll misses!
 The troll bites!
 The leprechaun hits!
 The leprechaun misses!
 In what direction?
 The dagger named ammo hits the troll.
 The troll misses!
 The troll hits!
 The troll bites!
 The troll hits!
 The troll misses!
 The troll bites!
 What do you want to read? [mvACGMNPUWX or ?*]
 As you pronounce the formula on it, the scroll disappears.
 The ceiling rumbles above you!
 You are hit by a boulder!
 Fortunately, you are wearing a hard helmet.
 The troll hits!
 The troll hits!
 The troll bites!
 The troll hits!
 You die...

Inventory:
 Amulets  ('"')
  s - an uncursed amulet of flying (being worn)
 Weapons  (')')
  Z - 3 blessed poisoned +2 darts
  H - a blessed poisoned rusty +2 dart
  o - 7 uncursed +0 daggers named ammo (at the ready)
  w - 5 uncursed +0 elven daggers named ammo
  b - the uncursed rustproof +5 Dragonbane (weapon in right hand)
 Armor    ('[')
  T - an uncursed +0 dwarvish iron helm (being worn)
  q - an uncursed +0 pair of leather gloves (being worn)
  p - a cursed -1 pair of iron shoes (being worn)
  n - an uncursed +0 elven shield (being worn)
  S - an uncursed +0 cloak of displacement (being worn)
  R - an uncursed +0 dwarvish mithril-coat (being worn)
 Comestibles  ('%')
  g - an uncursed jackfruit
  j - an uncursed clove of garlic
  E - 2 uncursed cram rations
  l - an uncursed lizard corpse
 Scrolls  ('?')
  U - a blessed scroll of blank paper
  X - an uncursed scroll of blank paper
  C - 2 uncursed scrolls of confuse monster
  N - a cursed scroll of confuse monster
  P - an uncursed scroll of destroy armor
  A - 2 cursed scrolls of gold detection
  M - a cursed scroll of magic mapping
  W - an uncursed scroll of remove curse
  v - an uncursed scroll of scare monster
  m - 5 uncursed scrolls of teleportation
 Potions  ('!')
  h - a cursed potion of gain energy
  r - a cursed potion of sickness
  a - a potion of holy water
  I - an uncursed potion of water
 Rings    ('=')
  Q - an uncursed +3 ring of adornment
  i - an uncursed ring of free action
  F - an uncursed ring of teleport control
 Wands    ('/')
  J - an uncursed wand of digging (0:5)
  d - an uncursed wand of enlightenment (0:14)
  c - an uncursed wand of fire (0:0)
  O - an uncursed wand of magic missile (0:7)
  t - an uncursed wand of striking (0:2)
  y - an uncursed wand of teleportation (0:5)
 Tools    ('(')
  f - an empty uncursed sack
  e - an uncursed lock pick
  D - an uncursed +0 unicorn horn
 Gems/Stones  ('*')
  V - 3 uncursed emeralds
  u - an uncursed garnet stone
  B - an uncursed jasper stone
  Y - 2 uncursed rubies
  K - 5 uncursed worthless pieces of black glass
  z - an uncursed worthless piece of orange glass
  x - 5 uncursed worthless pieces of violet glass
  L - 2 uncursed worthless pieces of white glass
  k - a blessed luckstone

CyberFan the Rogue's attributes:

Background:
 You were a Rogue, level 9 male orc.
 You were chaotic, on a mission for Kos
 who was opposed by Issek (lawful) and Mog (neutral).
 You were right-handed.
 You were in Sokoban, on level 2.
 You entered the dungeon 13182 turns ago.
 You had 3499 experience points, 1621 more were needed to attain level 10.

Basics:
 You had 0 out of 55 hit points.
 You had all 28 energy points (spell power).
 Your armor class was -3.
 Your wallet was empty.
 Autopickup was on for '$%?!"=/*' plus thrown, with exceptions.

Final Characteristics:
 Your strength was 17 (limit:18/50).
 Your dexterity was 17 (peak:18, limit:18).
 Your constitution was 17 (limit:18).
 Your intelligence was 9 (limit:16).
 Your wisdom was 12 (limit:16).
 Your charisma was 8 (limit:16).

Final Status:
 You were flying.
 You were temporarily blind.
 You weren't hungry.
 You were unencumbered.
 You were wielding a broadsword.
 You were skilled in broadsword.

Final Attributes:
 You were piously aligned.
 You were cold resistant.
 You were poison resistant.
 You were telepathic.
 You had infravision.
 You were displaced.
 You were stealthy.
 You were guarded.
 You had reflection.
 You were lucky.
 You had extra luck.
 Good luck did not time out for you.
 You are dead.

Miscellaneous:
 You disabled loading and storing of bones levels.
 Total elapsed playing time was 1 hour and 56 minutes.

Major events:
 Turn
    1: CyberFan the chaotic male orcish Rogue entered the dungeon
 1087: attained the rank of Cutpurse (level 3)
 2238: entered the Gnomish Mines
 3207: attained the rank of Rogue (level 6)
 3811: reached Mine Town
 5338: entered Sokoban
 5981: completed 1st Sokoban level
 6644: completed 2nd Sokoban level
 7141: completed 3rd Sokoban level
 8178: completed 4th Sokoban level
 9641: was bestowed with Dragonbane by Kos
11460: acquired the Mines' End luckstone
13182: killed by a troll

You didn't know any spells.

Skills:
 Fighting Skills
   bare handed combat [Unskilled]
   two weapon combat  [Unskilled]
   riding             [Unskilled]
 Weapon Skills
   dagger             [Expert]
   knife              [Unskilled]
   short sword        [Basic]
   broadsword         [Skilled]
   long sword         [Unskilled]
   two-handed sword   [Unskilled]
   saber              [Unskilled]
   club               [Unskilled]
   mace               [Unskilled]
   morning star       [Unskilled]
   flail              [Unskilled]
   hammer             [Unskilled]
   polearms           [Unskilled]
   spear              [Unskilled]
   crossbow           [Unskilled]
   dart               [Unskilled]
   shuriken           [Unskilled]
 Spellcasting Skills
   divination spells  [Unskilled]
   escape spells      [Unskilled]
   matter spells      [Unskilled]

Voluntary challenges:
 Character rerolling was not enabled.
 You never genocided any monsters.
 You never polymorphed an object.
 You never changed form.
 You used no wishes.
 You violated the special Sokoban rules once.
Achievements:
 You attained the rank of Cutpurse.
 You entered the Gnomish Mines.
 You attained the rank of Rogue.
 You entered Minetown.
 You entered a shop.
 You entered a temple.
 You entered Sokoban.
 You completed the Gnomish Mines.

 The Dungeons of Doom: levels 1 to 10
    Level 1:
    Level 2:
    Level 3:
       An altar to Kos.
    Level 4:
       Stairs down to The Gnomish Mines.
    Level 5:
       Many fountains.
       Oracle of Delphi.
    Level 6:
       Stairs up to Sokoban, level 5.
    Level 7:
       A general store.
    Level 8:
    Level 9:
       Some fountains.
    Level 10:
 The Gnomish Mines: levels 5 to 12
    Level 5:
    Level 6:
    Level 7:
    Level 8:
       Many shops, a temple and an altar, some fountains, some trees.
    Level 9:
    Level 10:
    Level 11:
    Level 12:
 Sokoban: levels 5 up to 2
    Level 2: <- You were here.
       Solved.
       Final resting place for
          you, killed by a troll.
    Level 3:
       Solved.
    Level 4:
       Solved.
    Level 5:
       Solved.


Vanquished creatures:
  2 watch captains
  a mind flayer
  2 giant mimics
  a large mimic
  a giant zombie
  2 wargs
  3 small mimics
  a troll
  a sasquatch
  2 large dogs
  2 large cats
  2 gargoyles
 an ochre jelly
  a human mummy
  a wraith
 an ettin zombie
  a leather golem
  4 Grey-elves
  2 watchmen
  a chameleon
  a giant beetle
  3 quivering blobs
  2 cockatrices
  3 wolves
  a leprechaun
  2 giant spiders
  2 scorpions
  a vampire bat
  a forest centaur
  a gnome ruler
  a dwarf mummy
  3 rust monsters
 an owlbear
  a yeti
  5 Green-elves
  4 lizards
  3 dogs
  2 dwarf leaders
  a white unicorn
  a raven
  a plains centaur
  4 snakes
  8 apes
  a human zombie
  2 Woodland-elves
  4 fire ants
 an imp
  a wood nymph
  a mountain nymph
  a Mordor orc
 an orc shaman
  a rock piercer
  a rock mole
  2 ponies
  a fog cloud
  3 yellow lights
  2 shriekers
 15 gnome leaders
  7 gnomish wizards
  a guardian naga hatchling
  3 gray oozes
  a straw golem
  a paper golem
 10 giant ants
  4 floating eyes
  3 kittens
 21 dwarves
  a homunculus
  a kobold shaman
  2 hill orcs
  4 rothes
  2 rabid rats
  a centipede
  3 giant bats
  a monkey
  2 orc zombies
  6 dwarf zombies
  4 wererats
  3 werejackals
  2 iguanas
  a killer bee
  2 acid blobs
  4 coyotes
  2 gas spores
  6 hobbits
 14 manes
  a hobgoblin
  8 giant rats
  2 cave spiders
  a brown mold
  a yellow mold
  a green mold
  a red mold
 61 gnomes
  7 garter snakes
  a gnome zombie
  5 geckos
  6 jackals
  3 foxes
  2 kobolds
  2 goblins
  6 sewer rats
  5 grid bugs
  5 bats
  7 lichens
  3 kobold zombies
  6 newts
367 creatures vanquished.

No species were genocided or became extinct.

Game over:
                       ----------
                      /          \
                     /    REST    \
                    /      IN      \
                   /     PEACE      \
                  /                  \
                  |     CyberFan     |
                  |       0 Au       |
                  |   killed by a    |
                  |      troll       |
                  |                  |
                  |                  |
                  |       2026       |
                 *|     *  *  *      | *
        _________)/\\_//(\/(/\)/\//\/|_)_______

Goodbye CyberFan the Rogue...

You died in Sokoban on dungeon level 2 with 24754 points,
and 0 pieces of gold, after 13182 moves.
You were level 9 with a maximum of 55 hit points when you died.

